 Dungeon Crawl Stone Soup version 0.21-a0-110-g8e1637b (webtiles) character file.

830 nikopol the Magician (level 7, -4/37 HPs)
             Began as a Deep Elf Fire Elementalist on July 8, 2017.
             Killed by divine providence
             ... invoked by an orc priest
              (13 damage)
             ... on level 5 of the Dungeon.
             The game lasted 00:13:02 (4592 turns).

nikopol the Magician (Deep Elf Fire Elementalist)   Turns: 4592, Time: 00:13:03

Health: -4/37      AC:  5    Str:  5    XL:     7   Next: 65%
Magic:  2/19       EV: 13    Int: 22    God:
Gold:   262        SH:  0    Dex: 15    Spells: 14/20 levels left

rFire    . . .     SeeInvis .   E - +0 dagger (flame)
rCold    . . .     Gourm    .   (no shield)
rNeg     . . .     Faith    .   a - +0 robe
rPois    .         Spirit   .   F - +0 hat
rElec    .         Reflect  .   A - +0 cloak
rCorr    .         Harm     .   C - +1 pair of gloves
MR       .....                  (no boots)
Stlth    ++........             (no amulet)
HPRegen  0.12/turn              (no ring)
MPRegen  0.16/turn              (no ring)

@: lethally poisoned (-4 -> -8)
A: no striking features
a: no special abilities


You were on level 5 of the Dungeon.
You were very hungry.

You visited 1 branch of the dungeon, and saw 5 of its levels.

You collected 262 gold pieces.

Inventory:

Hand Weapons
 r - a +0 dagger
 z - a +3 dagger
 E - a +0 dagger of flaming (weapon)
Armour
 a - a +0 robe (worn)
 A - a +0 cloak (worn)
 C - a +1 pair of gloves (worn)
 F - a +0 hat (worn)
Jewellery
 B - an uncursed ring of see invisible {unknown}
 G - a +5 ring of strength {unknown}
Wands
 x - a wand of iceblast (5/15)
 y - a wand of flame (28/48)
Scrolls
 e - 2 scrolls of fog {unknown}
 f - 2 scrolls of enchant armour {unknown}
 g - 6 scrolls of teleportation
 j - 2 scrolls of blinking {unknown}
 k - 2 scrolls of fear {unknown}
 m - a scroll of noise {unknown}
 n - a scroll of amnesia {unknown}
 p - a scroll of enchant weapon {unknown}
 t - 2 scrolls of magic mapping {unknown}
 u - 2 scrolls of remove curse {unknown}
 v - a scroll of immolation {unknown}
 w - 6 scrolls of identify {unknown}
Potions
 d - 2 potions of curing
 h - a potion of lignification {unknown}
 i - 2 potions of mutation {unknown}
 o - a potion of cancellation {unknown}
 D - a potion of resistance {unknown}
Books
 b - a book of Flames

   Spells                             Type                      Level
   a - Flame Tongue                   Conjuration/Fire             1
   b - Throw Flame                    Conjuration/Fire             2
   c - Conjure Flame                  Conjuration/Fire             3
   d - Inner Flame                    Hexes/Fire                   3
   e - Sticky Flame                   Conjuration/Fire             4
   f - Fireball                       Conjuration/Fire             5
Comestibles
 c - 3 bread rations
 l - a royal jelly
 q - 5 fruits
 s - 3 meat rations


   Skills:
 + Level 0.5 Fighting
 + Level 3.2 Dodging
 + Level 3.5 Stealth
 + Level 7.1 Spellcasting
 + Level 5.0 Conjurations
 + Level 5.8 Fire Magic


You had 14 spell levels left.
You knew the following spells:

 Your Spells              Type           Power        Failure   Level  Hunger
a - Flame Tongue          Conj/Fire      ####.        1%          1    None
b - Throw Flame           Conj/Fire      ####..       1%          2    None
c - Conjure Flame         Conj/Fire      ####....     2%          3    None


Dungeon Overview and Level Annotations

Branches:
Dungeon (5/15)
 Temple: D:4-7

Altars:
Dithmenos
Gozag
Xom
Yredelemnul


Message History

Aiming: Throw Flame
Press: ? - help, Shift-Dir - straight line, f/p - orc priest
Aim: an orc priest, wielding a dagger and wearing a leather armour (moderately wounded)
The puff of flame hits the orc priest.
The orc priest is heavily wounded.
Casting: Throw Flame
Confirm with . or Enter, or press ? or * to list all spells.
You can't see any susceptible monsters within range! (Use Z to cast anyway.)
An orc comes into view. It is wielding a short sword.
The orc shouts!
The orc throws a poisoned tomahawk.
The poisoned tomahawk hits you.
You are poisoned.
You see here a poisoned tomahawk.
You feel sick.
You feel sick.
You feel sick.
You feel sick.
The orc priest mumbles some strange prayers to Beogh against you.
Beogh smites you!
You die...

..##### #.#.# .#
.## #.#o# .# <#
#.#.#####[######
.#
#...o...o.......
.#
###.#####.######
.# #.# ... .# #.#
..... .# #.#
.###... .# #@# .#
#. .# #.# .# .#
#.# .# .# #.#
.###############.#
.................#
################.#
###


You could see an orc priest and an orc.

Vanquished Creatures
  Sigmund (D:3)
  2 ogres (D:4)
  3 orc priests
  2 orc wizards (D:5)
  An iguana (D:3)
  7 worker ants
  4 adders
  3 gnolls (D:4)
  3 worms (D:2)
  A dart slug (D:1)
  8 leopard geckos
  11 orcs
  2 ball pythons (D:3)
  6 giant cockroaches
  4 hobgoblins
  9 jackals
  6 kobolds
  A quokka (D:3)
  4 bats
  5 frilled lizards
  6 goblins
  A leopard gecko skeleton (D:4)
  6 rats
96 creatures vanquished.

Notes
Turn   | Place    | Note
-------+----------+-------------------------------------------
     0 | D:1      | nikopol the Deep Elf Fire Elementalist began the quest for the Orb.
     0 | D:1      | Reached XP level 1. HP: 10/10 MP: 6/6
   122 | D:1      | Reached XP level 2. HP: 9/15 MP: 1/8
   618 | D:2      | Found an opulent altar of Gozag.
   764 | D:2      | Reached XP level 3. HP: 10/19 MP: 4/9
   857 | D:2      | Learned a level 2 spell: Throw Flame
   861 | D:2      | Learned a level 3 spell: Conjure Flame
  1051 | D:2      | Found a basalt altar of Yredelemnul.
  1080 | D:2      | Reached skill level 4 in Spellcasting
  1257 | D:3      | Reached XP level 4. HP: 13/24 MP: 8/12
  1814 | D:3      | Noticed Sigmund
  1829 | D:3      | Killed Sigmund
  1829 | D:3      | Reached skill level 5 in Spellcasting
  1829 | D:3      | Reached XP level 5. HP: 28/28 MP: 3/14
  1829 | D:3      | Reached XP level 6. HP: 33/33 MP: 3/15
  1941 | D:3      | Found a shimmering altar of Xom.
  2802 | D:4      | Reached skill level 5 in Fire Magic
  3372 | D:4      | Reached skill level 6 in Spellcasting
  3372 | D:4      | Reached XP level 7. HP: 34/37 MP: 15/18
  3403 | D:4      | Found a shadowy altar of Dithmenos.
  4096 | D:5      | Entered Level 5 of the Dungeon
  4577 | D:5      | Reached skill level 5 in Conjurations
  4580 | D:5      | Reached skill level 7 in Spellcasting
  4592 | D:5      | Killed from afar by an orc priest

Vault maps used:
D:1:      sevenhm_arrival_forest_fort_large_4
D:2:      yredelemnul_altar_generic, lemuel_doored_altar
D:3:      overflow_temple_1_default, hangedman_feature_mirror,
          grunt_ministairs_9, uniq_sigmund
D:4:      grunt_dithmenos_smoke_and_mirrors
D:5:      first_bread

Skill      XL: |  1  2  3  4  5  6  7 |
---------------+----------------------+-----
Fire Magic     | 4 5 |  5.8
Spellcasting   | 4 5 6 7 |  7.1
Dodging        | 3 |  3.2
Stealth        | 3 |  3.5
Conjurations   | 3 4 5 |  5.0
Fighting       | |  0.5

Action                   |  1- 3 |  4- 6 |  7- 9 || total
-------------------------+-------+-------+-------++-------
Melee: Dagger            |       |     5 |       ||     5
 Cast: Flame Tongue      |    68 |    94 |    48 ||   210
       Conjure Flame     |       |     5 |     2 ||     7
       Throw Flame       |       |     3 |     7 ||    10
  Use: Scroll            |       |     1 |       ||     1
       Potion            |       |     1 |       ||     1
  Eat: Chunk             |     1 |     7 |     2 ||    10
Armor: Robe              |     4 |     6 |     1 ||    11
Dodge: Dodged            |    16 |     8 |     3 ||    27
